Map: King's Cove LE

Players

Mez

  • Race: Terran Terran
  • League: Master
  • Spawn Location: 5:00

A.I. 1 (Very Easy) - Winner!

  • Race: Protoss Protoss
  • Spawn Location: 11:00

VOD

Have the link to the VOD?

Description

Time

  • Played on: Aug. 9, 2019, 6:28 a.m.
  • Length: 10:14
Show
View Real Time Build Order
Export as new Build Order

Mez Terran 

Build Orders: Reaper Expand 

Get SALT Encoding   

  12  0:00  SCV  
  13  0:13  SCV  
  14  0:18  Supply Depot  
  14  0:25  SCV  
  15  0:39  SCV  
  15  0:41  Barracks  
  16  0:45  Refinery  
  16  0:51  SCV  
  17  1:03  SCV  
  18  1:16  SCV  
  19  1:30  Reaper, Orbital Command  
  20  1:45  Command Center  
  20  1:57  SCV  
  21  2:01  Bunker  
  21  2:02  Barracks Reactor  
  21  2:07  Supply Depot  
  21  2:10  SCV  
  22  2:24  SCV  
  23  2:39  Command Center  
  23  2:40  Marine x2  
  23  2:41  SCV  
  26  2:49  Factory  
  26  2:53  SCV  
  27  2:59  Orbital Command  
  27  3:05  Marine x2  
  27  3:08  SCV  
  30  3:14  Refinery  
  30  3:21  SCV  
  30  3:26  SCV  
  32  3:30  Marine x2  
  32  3:33  SCV  
  35  3:37  Starport  
  35  3:39  Widow Mine  
  35  3:40  SCV  
  38  3:45  SCV  
  39  3:51  Marine x2  
  39  3:52  SCV, Orbital Command  
  42  3:58  SCV  
  43  4:04  SCV, Factory Tech Lab  
  43  4:09  Marine x2  
  46  4:10  SCV  
  46  4:15  Starport Tech Lab  
  46  4:16  SCV  
  48  4:18  Refinery  
  48  4:20  SCV  
  48  4:22  SCV  
  48  4:24  Siege Tank  
  53  4:28  SCV  
  53  4:31  Supply Depot  
  54  4:32  SCV  
  54  4:34  SCV  
  54  4:35  Marine x2  
  58  4:41  Orbital Command  
  58  4:43  Barracks  
  58  4:44  SCV x2  
  60  4:46  Barracks  
  60  4:51  SCV  
  60  4:52  Raven  
  63  4:53  Marine x2  
  63  4:54  Supply Depot  
  63  4:56  SCV  
  66  5:09  Siege Tank, Barracks  
  66  5:11  Barracks  
  69  5:16  Refinery, SCV x3  
  69  5:18  Supply Depot  
  72  5:26  Marine x2  
  72  5:28  SCV  
  75  5:30  Supply Depot  
  75  5:34  SCV  
  75  5:35  Engineering Bay  
  77  5:38  Engineering Bay  
  77  5:40  Orbital Command  
  76  5:44  Starport Reactor  
  76  5:47  Stimpack  
  76  5:49  SCV x2  
  78  5:53  Combat Shield  
  78  5:54  Factory Reactor  
  78  5:55  Marine x4  
  82  6:01  SCV x2  
  82  6:02  Barracks Reactor  
  82  6:03  Barracks Tech Lab  
  84  6:07  SCV  
  84  6:09  Terran Infantry Armor Level 1, Terran Infantry Weapons Level 1  
  85  6:13  SCV, Marine x2  
  85  6:14  SCV  
  85  6:17  Supply Depot  
  89  6:18  Supply Depot  
  89  6:19  SCV  
  89  6:24  Marine x3  
  93  6:25  Refinery  
  93  6:27  Refinery  
  93  6:38  SCV x2, Marine x2, Medivac x2  
  101  6:40  Widow Mine x2, SCV, Supply Depot  
  101  6:41  Supply Depot  
  106  6:49  Marine  
  106  6:50  SCV x2, Marine, Marauder x2  
  106  6:51  Marauder  
  106  6:52  SCV  
  106  6:53  Concussive Shells  
  117  7:00  Missile Turret  
  117  7:02  SCV x2  
  117  7:04  SCV  
  117  7:06  Missile Turret  
  117  7:07  Missile Turret  
  120  7:08  Marine  
  120  7:12  Marauder, Supply Depot  
  120  7:13  Supply Depot  
  120  7:14  SCV x2  
  125  7:16  SCV  
  126  7:24  Widow Mine x2, Medivac  
  126  7:26  Marine  
  133  7:33  SCV, Marine x2, Medivac  
  133  7:34  Marauder  
  140  7:38  Armory  
  140  7:43  Supply Depot  
  140  7:46  Supply Depot  
  140  7:48  Marine x2, Marauder x2  
  140  7:51  Marine  
  146  7:53  Widow Mine  
  146  7:56  Ghost Academy  
  149  8:05  Widow Mine, SCV x3  
  154  8:08  Medivac, Supply Depot  
  154  8:09  Medivac  
  154  8:10  Supply Depot  
  154  8:11  Marauder  
  160  8:15  Marauder x2, Supply Depot  
  160  8:17  Marine  
  165  8:24  Supply Depot  
  165  8:29  Marine x3  
  165  8:32  Marine  
  169  8:34  Widow Mine  
  169  8:35  Widow Mine  
  173  8:41  Starport  
  173  8:46  Ghost x2  
  177  8:50  Ghost  
  179  8:56  Barracks  
  179  8:57  Barracks  
  179  8:58  Command Center  
  179  9:03  Marine x3  
  179  9:04  Marine  
  179  9:06  Medivac  
  185  9:15  Marauder  
  185  9:16  Marauder  
  189  9:19  Marauder  
  189  9:23  Marine x2  
  189  9:24  Marine x2  
  194  9:26  Starport Tech Lab  
  194  9:29  Fusion Core  
  195  9:37  Marauder  
  197  9:54  Supply Depot  
  197  9:56  Barracks Tech Lab x2, Supply Depot  
  197  9:59  Barracks  
Show
View Real Time Build Order
Export as new Build Order

A.I. 1 (Very Easy) Protoss - Winner!

Build Orders:  

Get SALT Encoding   

  12  0:00  Probe  
  13  0:13  Probe  
  14  0:21  Pylon  
  14  0:37  Assimilator  
  14  0:42  Gateway  
  14  0:47  Pylon  
  14  1:18  Assimilator  
  14  1:25  Probe  
  14  1:31  Zealot  
  17  1:33  Probe, Cybernetics Core  
  18  1:41  Probe  
  19  1:51  Probe  
  20  2:00  Warp Gate  
  20  2:01  Probe  
  21  2:09  Probe  
  22  2:39  Stalker  
  24  6:57  Probe  
  25  7:02  Adept, Pylon  
  25  7:05  Probe  
  25  7:06  Robotics Facility  
  27  7:10  Nexus  
  27  7:15  Probe  
  29  7:24  Probe  
  30  7:32  Probe, Pylon  
  31  7:53  Observer  
  28  8:02  Zealot  
  30  8:14  Observer  
  31  8:23  Probe  
  32  8:28  Assimilator  
  32  8:30  Probe  
  32  8:31  Assimilator  
  33  8:35  Probe  
  34  8:44  Probe  
  34  8:48  Probe  
  36  8:59  Probe  
  37  9:03  Stalker  
  37  9:06  Probe  
  40  9:13  Probe  
  41  9:18  Probe  
  42  9:25  Probe  
  42  9:31  Probe  
  43  9:38  Probe  
  45  9:49  Probe  
  46  9:56  Probe  
Tags
 
Add a new tag
Caveats
  • Supply blocks, unpowered buildings, or Contaminate may cause inaccurate times.
  • Supply counts are checked every 10 seconds.